 Dungeon Crawl Stone Soup version 0.31.0-1-g2c135a0 (webtiles) character file.

Game seed: 10414244345133665847

147 edsrzf the Sneak (level 5, -1/43 HPs)
             Began as a Deep Elf Gladiator on Jan 24, 2024.
             Slain by a gnoll
             ... wielding a +0 whip
              (5 damage)
             ... on level 3 of the Dungeon.
             The game lasted 00:10:10 (1963 turns).

edsrzf the Sneak (Deep Elf Gladiator)               Turns: 1963, Time: 00:10:11

Health: -1/43      AC: 22    Str: 11    XL:     5   Next: 7%
Magic:  7/7        EV:  2    Int: 15    God:
Gold:   206        SH:  0    Dex: 16    Spells: 4/4 levels left

rFire   . . .        (no weapon)
rCold   . . .        (no shield)
rNeg    . . .        g - melded +0 leather armour
rPois   +            c - melded +0 helmet
rElec   .            m - melded +0 cloak
rCorr   .            k - melded +1 pair of gloves
SInv    .            (boots currently unavailable)
Will    .....        (no amulet)
Stlth   +++          (no ring)
HPRegen 0.27/turn    (no ring)
MPRegen 0.10/turn

%: no passive effects
@: tree-form, hasted, very quick
A: stationary, stasis, torment immunity, boosted hp
a: no special abilities


You were on level 3 of the Dungeon.
You were a tree.
You visited 1 branch of the dungeon, and saw 3 of its levels.

You collected 219 gold pieces.
You spent 13 gold pieces at shops.

Inventory:

Hand Weapons
 a - a +0 long sword
 b - a +1 dagger of electrocution
Missiles
 d - 2 throwing nets (quivered) {=f}
 f - 4 poisoned darts
Armour
 c - a +0 helmet (melded)
 g - a +0 leather armour (melded)
 k - a +1 pair of gloves (melded)
 m - a +0 cloak (melded)
Jewellery
 l - a ring of fire
Scrolls
 h - 3 scrolls of noise
 j - 2 scrolls of amnesia {unknown}
 o - 4 scrolls of summoning
 p - a scroll of revelation {unknown}
 q - a scroll of teleportation {unknown}
 r - a scroll of poison {unknown}
 s - a scroll of identify {unknown}


   Skills:
 - Level 1.5 Fighting
 + Level 4.1 Long Blades
 - Level 2.0 Throwing
 - Level 3.6 Dodging
 + Level 4.3 Stealth


You had 4 spell levels left.
You didn't know any spells.
Your spell library contained the following spells:

 Spells                   Type           Power      Damage    Failure   Level
 Cigotuvi's Dreadful Rot  Necr/Alch/Air  0%         N/A       38%         2
 Leda's Liquefaction      Alch/Erth      0%         N/A       95%         4
 Petrify                  Alch/Erth      0%         N/A       95%         4
 Alistair's Intoxication  Alch           0%         N/A       100%        5


Dungeon Overview and Level Annotations

Branches:
Dungeon (3/15)

Altars:
Ashenzari

Shops:
D:1 :?!


Message History

The jackal is moderately wounded.
The jackal closely misses you.
The gnoll struggles against the net.
The net rips apart, and the gnoll comes free!
You hit the jackal.
You kill the jackal!
You have reached level 5!
Unknown command.
Found two human skeletons.
Found a human skeleton.
You see here a human skeleton.
Found a human skeleton.
You see here a human skeleton.
Press: ? - help, v - describe, . - travel
Here: a gnoll, wielding a +0 spear The floor.
The gnoll hits you with a +0 spear.
* * * LOW HITPOINT WARNING * * *
You see here a human skeleton.
You hit the gnoll but do no damage. You hit the gnoll.
Lightning courses through the gnoll!!
You kill the gnoll!
Press: ? - help, v - describe, . - travel
Here: a gnoll, wielding a +0 whip The floor.
Unknown command.
You hit the gnoll but do no damage. You hit the gnoll.
The gnoll is moderately wounded.
The gnoll hits you but does no damage. The gnoll hits you with a +0 whip.
* * * LOW HITPOINT WARNING * * *
It was a potion of lignification.
You turn into a tree.
Your +0 cloak melds into your body.
Your +0 helmet melds into your body.
Your +1 pair of gloves melds into your body.
Your +0 leather armour melds into your body.
Your roots penetrate the ground.
The gnoll hits you but does no damage. The gnoll barely misses you.
Your +1 dagger of electrocution stops crackling.
You are now empty-handed.
You hit the gnoll but do no damage.
The gnoll is moderately wounded.
The gnoll hits you but does no damage. x3
You barely miss the gnoll.
The gnoll is moderately wounded.
The gnoll hits you but does no damage. x3
You hit the gnoll but do no damage.
The gnoll is moderately wounded.
The gnoll barely misses you.
The gnoll hits you but does no damage. x2
You hit the gnoll.
The gnoll is moderately wounded.
The gnoll hits you but does no damage. x3
You closely miss the gnoll.
The gnoll is moderately wounded.
The gnoll hits you but does no damage. x2
The gnoll hits you from afar with a +0 spear.
* * * LOW HITPOINT WARNING * * *
You closely miss the gnoll.
The gnoll is moderately wounded.
The gnoll completely misses you. The gnoll hits you but does no damage.
The gnoll hits you from afar with a +0 spear.
* * * LOW HITPOINT WARNING * * *
It was a potion of curing.
You feel better.
The gnoll hits you but does no damage. x3
You completely miss the gnoll.
The gnoll is moderately wounded.
The gnoll hits you but does no damage. The gnoll hits you with a +0 whip!
* * * LOW HITPOINT WARNING * * *
The gnoll hits you but does no damage.
It was a potion of haste.
You feel yourself speed up. The gnoll hits you but does no damage.
The gnoll hits you with a +0 whip.
* * * LOW HITPOINT WARNING * * *
The gnoll hits you but does no damage.
You aren't carrying any potions.
Unknown command.
Okay, then.
You aren't carrying any items that you can evoke.
You aren't carrying any potions.
Unknown command.
As you read the scroll labelled DESUMAUPTO, it crumbles to dust.
Wisps of shadow whirl around you...
It was a scroll of summoning.
The gnoll hits you but does no damage. x3
You hit the gnoll but do no damage.
The gnoll is moderately wounded.
You hit the gnoll.
The gnoll is heavily wounded.
Your jackal barely misses the gnoll.
The gnoll barely misses you.
The gnoll hits you but does no damage. x2
You barely miss the gnoll.
The gnoll is heavily wounded.
Your jackal bites the gnoll.
The gnoll hits you with a +0 whip.
* * * LOW HITPOINT WARNING * * *
The gnoll hits you but does no damage. x2
You aren't carrying any potions.
Unknown command.
You barely miss the gnoll.
The gnoll is severely wounded.
Your jackal closely misses the gnoll.
The gnoll hits you but does no damage.
You smack the gnoll!
You kill the gnoll!
The gnoll hits you with a +0 whip.
You die...

# #.# #.# #..# #
#.###.# ###.## #
#...#.# #..g## #
#.....# ###..##
#.#.### ##÷.#
#.#.# #..# #.#.###
#.g## #.#...#
##g÷# #.#...##
##♣h## ###......##
#g.##
#).......†##hhB##
..........#.#####
##.......##.#.#
#.####..##.#.#####
#.# #..##.#......
#.# #..#...####
#.# #.........#


You could see 2 gnolls, 3 friendly jackals, a friendly giant cockroach
(summoned) and a friendly goblin (summoned).

Vanquished Creatures
  6 adders
  2 gnolls (D:3)
  4 ribbon worms
  A dart slug (D:1)
  3 orcs (D:3)
  3 ball pythons
  7 bats
  4 endoplasms
  A giant cockroach (D:2)
  5 goblins
  7 hobgoblins
  11 jackals
  A quokka (D:1)
  7 frilled lizards
  A kobold (D:2)
  6 rats
69 creatures vanquished.

Notes
Turn   | Place    | Note
-------+----------+-------------------------------------------
     0 | D:1      | edsrzf the Deep Elf Gladiator began the quest for the Orb.
     0 | D:1      | Reached XP level 1. HP: 12/12 MP: 3/3
    45 | D:1      | Reached skill level 1 in Stealth
   118 | D:1      | Reached skill level 3 in Long Blades
   127 | D:1      | Found Imuitez's Magic Scroll Shop.
   138 | D:1      | Bought a scroll of noise for 13 gold pieces
   152 | D:1      | Reached XP level 2. HP: 13/16 MP: 4/4
   185 | D:1      | Found Efothraxo's Distillery.
   278 | D:1      | Reached skill level 2 in Stealth
   466 | D:1      | Found Gufritam's Book Shop.
   484 | D:1      | Reached XP level 3. HP: 20/20 MP: 5/5
   762 | D:1      | Found a faded altar of an unknown god.
   874 | D:2      | Got the Atlas of Alteration
   954 | D:2      | Reached skill level 3 in Stealth
  1138 | D:2      | Reached XP level 4. HP: 25/25 MP: 6/6
  1704 | D:3      | Reached skill level 4 in Long Blades
  1712 | D:3      | Reached skill level 4 in Stealth
  1778 | D:3      | Found a broken altar of Ashenzari.
  1922 | D:3      | Reached XP level 5. HP: 7/29 MP: 7/7
  1947 | D:3      | Identified a potion of lignification
  1954 | D:3      | HP: 2/43 [gnoll/+0 spear (2)]
  1955 | D:3      | Identified a potion of curing
  1957 | D:3      | Identified a potion of haste
  1958 | D:3      | Identified 5 scrolls of summoning
  1963 | D:3      | Slain by a gnoll

Illustrated notes

Levels and vault maps discovered:
D:1:      lightli_arrival_maybe_door_vault, layout_loops_ring,
          shapermc_ecumenical_altar_totnotflames, serial_shops, shop_statue,
          nicolae_book_shop_shelving, shop_scrolls, serial_bayou_pond_a,
          minmay_misc_feat_diagonals
D:2:      kb_forest_paths, layout_basic, serial_glass, glass_columns_b,
          glass_columns_a
D:3:      layout_loops_ring, evilmike_ruin_ashenzari,
          wander_ebering_terrifying_dragon_lair

Skill      XL: |  1  2  3  4 |
---------------+-------------+-----
Stealth        | 1 2 3 4 |  4.3
Long Blades    | 3 4 |  4.1
Fighting       | |  1.5
Throwing       | |  2.0
Dodging        | |  3.6

Action                     |  1- 3 |  4- 6 || total
---------------------------+-------+-------++-------
  Melee: Long sword        |    41 |       ||    41
         Dagger            |    84 |   102 ||   186
         Punch             |       |     1 ||     1
         Unarmed           |       |    12 ||    12
  Throw: Javelin           |       |     1 ||     1
         Throwing net      |       |     1 ||     1
    Use: Potion            |       |     3 ||     3
         Scroll            |       |     1 ||     1
   Stab: Sleeping          |     4 |     6 ||    10
         Distracted        |       |     1 ||     1
 Armour: Leather armour    |    48 |    57 ||   105
         Skin              |       |    36 ||    36
  Dodge: Dodged            |    78 |    73 ||   151
